 Dungeon Crawl Stone Soup version 0.28.0-53-g5a82cb258f (webtiles) character file.

Game seed: 17812269795886309121

86 Plasmagod the Slasher (level 4, 0/41 HPs)
             Began as a Gnoll Cinder Acolyte on July 22, 2022.
             Was a High Priest of Ignis.
             Slain by an ogre
             ... wielding a +0 giant club
              (16 damage)
             ... on level 4 of the Dungeon.
             The game lasted 00:02:17 (1339 turns).

Plasmagod the Slasher (Gnoll Cinder Acolyte)        Turns: 1339, Time: 00:02:17

Health: 0/41       AC: 10    Str: 13    XL:     4   Next: 49%
Magic:  8/8        EV: 11    Int: 14    God:    Ignis [*****.]
Gold:   55         SH:  0    Dex:  9    Spells: 7/9 levels left

rFire   + . .      SeeInvis .   a - -1 falchion (flame)
rCold   . . .      Faith    .   (no shield)
rNeg    . . .      Spirit   .   g - +0 leather armour
rPois   .          Reflect  .   (no helmet)
rElec   .          Harm     .   (no cloak)
rCorr   .          Rampage  .   (no gloves)
Will    .....                   (no boots)
Stlth   +.........              e - amulet of regeneration
HPRegen 0.93/turn               (no ring)
MPRegen 0.11/turn               (no ring)

@: fiery-armoured
A: fangs 1, strong nose, distributed training
a: Renounce Religion, Fiery Armour, Foxfire Swarm, Rising Flame


You were on level 4 of the Dungeon.
You worshipped Ignis.
Ignis was extremely pleased with you.
You visited 1 branch of the dungeon, and saw 3 of its levels.

You collected 55 gold pieces.

Inventory:

Hand Weapons
 a - a -1 falchion of flaming (weapon)
Armour
 g - a +0 leather armour (worn)
Jewellery
 e - an amulet of regeneration (around neck)
Scrolls
 b - a scroll of blinking {unknown}
 c - 4 scrolls of identify {unknown}
Potions
 d - a potion of mutation {unknown}
 f - 2 potions of invisibility {unknown}


   Skills:
 + Level 6.6 Fighting
 + Level 1.1 Short Blades
 + Level 6.6 Long Blades
 + Level 1.1 Axes
 + Level 1.1 Maces & Flails
 + Level 1.1 Polearms
 + Level 1.1 Staves
 + Level 1.1 Slings
 + Level 1.1 Bows
 + Level 1.1 Crossbows
 + Level 1.1 Throwing
 + Level 1.1 Armour
 + Level 1.1 Dodging
 + Level 1.1 Stealth
 + Level 1.1 Shields
 + Level 1.1 Unarmed Combat
 + Level 3.0 Spellcasting
 + Level 0.9 Conjurations
 + Level 0.9 Hexes
 + Level 0.9 Summonings
 + Level 0.9 Necromancy
 + Level 0.9 Translocations
 + Level 0.9 Transmutations
 + Level 5.4 Fire Magic
 + Level 0.9 Ice Magic
 + Level 0.9 Air Magic
 + Level 0.9 Earth Magic
 + Level 0.9 Poison Magic
 + Level 1.2 Invocations
 + Level 1.1 Evocations


You had 7 spell levels left.
You knew the following spells:

 Your Spells              Type           Power      Damage    Failure   Level
a - Scorch                Fire           34%        2d6       4%          2

Your spell library contained the following spells:

 Spells                   Type           Power      Damage    Failure   Level


Dungeon Overview and Level Annotations

Branches:
Dungeon (2/15)

Altars:
Ru

Shops:
D:4 *


Innate Abilities, Weirdness & Mutations

You have very sharp teeth.
Your uncanny sense of smell can sniff out nearby items.
Your experience applies equally to all skills.


Message History

You completely miss the kobold.
The ogre shouts!
Your punch misses the kobold. The kobold hits you but does no damage.
The kobold is burned by your cloak of flames.
The kobold is severely wounded.
You hit the kobold. You burn the kobold.
You kill the kobold!
You closely miss the adder. The adder bites you but does no damage.
The adder is burned by your cloak of flames.
The adder is heavily wounded.
You closely miss the adder. You punch the adder.
The adder is severely wounded.
The adder barely misses you.
You closely miss the adder.
The adder is severely wounded.
The adder misses you. The adder closely misses you.
You closely miss the adder. You bite the adder.
The adder is severely wounded.
The adder bites you but does no damage.
The adder is burned by your cloak of flames.
You kill the adder!
You hit the ogre. You burn the ogre. You bite the ogre, but do no damage.
The ogre is lightly wounded.
The ogre hits you with a +0 giant club!
The ogre is burned by your cloak of flames.
The ogre is moderately wounded.
You hit the ogre. You burn the ogre. Your bite misses the ogre.
The ogre is moderately wounded.
The ogre hits you with a +0 giant club!
The ogre is burned by your cloak of flames.
The ogre is moderately wounded.
You barely miss the ogre.
The ogre is moderately wounded.
You hit the ogre. You burn the ogre.
The ogre is heavily wounded.
The ogre closely misses you.
You hit the ogre but do no damage.
The ogre is heavily wounded.
The ogre hits you with a +0 giant club!
You die...

...##.... ...#
........##...###
...............#
...............#
......)........#
....#.......# ####
............#....#
..#.....O..........#
..###....@..........
..#..........###... .
.#.. .............# ..
..######......#...#
..##..##.........#####
...#..........#.##
.............## .
............# .#
#.#.##.....##


You could see an ogre.

Vanquished Creatures
  A hound (D:4)
  An adder (D:4)
  2 adder skeletons (D:4)
  An orc (D:4)
  A bat (D:1)
  4 endoplasms
  A giant cockroach (D:1)
  5 goblins
  A hobgoblin (D:1)
  6 kobolds
  2 quokkas (D:1)
  6 ball pythons (D:1)
  A frilled lizard (D:1)
  5 rats (D:1)
37 creatures vanquished.

Notes
Turn   | Place    | Note
-------+----------+-------------------------------------------
     0 | D:1      | Plasmagod the Gnoll Cinder Acolyte began the quest for the
                  | Orb.
     0 | D:1      | Reached XP level 1. HP: 23/23 MP: 4/4
   251 | D:1      | Reached XP level 2. HP: 29/29 MP: 5/5
   521 | D:1      | Learned a level 2 spell: Scorch
   882 | D:1      | Reached XP level 3. HP: 35/35 MP: 7/7
  1236 | D:2      | Found a sacrificial altar of Ru.
  1263 | D:2      | You fall into a shaft and drop 2 floors!
  1263 | D:4      | Found Syreh's General Store.
  1269 | D:4      | Reached skill level 1 in Short Blades
  1269 | D:4      | Reached skill level 1 in Axes
  1269 | D:4      | Reached skill level 1 in Maces & Flails
  1269 | D:4      | Reached skill level 1 in Polearms
  1269 | D:4      | Reached skill level 1 in Staves
  1269 | D:4      | Reached skill level 1 in Slings
  1269 | D:4      | Reached skill level 1 in Bows
  1269 | D:4      | Reached skill level 1 in Crossbows
  1269 | D:4      | Reached skill level 1 in Throwing
  1269 | D:4      | Reached skill level 1 in Armour
  1269 | D:4      | Reached skill level 1 in Dodging
  1269 | D:4      | Reached skill level 1 in Stealth
  1269 | D:4      | Reached skill level 1 in Shields
  1269 | D:4      | Reached skill level 1 in Unarmed Combat
  1269 | D:4      | Reached skill level 1 in Invocations
  1269 | D:4      | Reached skill level 1 in Evocations
  1269 | D:4      | Reached XP level 4. HP: 33/41 MP: 8/8
  1325 | D:4      | Noticed an ogre
  1339 | D:4      | Slain by an ogre

Illustrated notes

Levels and vault maps discovered:
D:1:      dpeg_arrival_solitude, layout_basic
D:2:      layout_basic, basic_altar, serial_shops, shop
D:4:      layout_cave_pools, nicolae_uskayaw_suspiria, serial_shops,
          shop_fountains

Skill      XL: |  1  2  3  4 |
---------------+-------------+-----
Short Blades   | 1 |  1.1
Axes           | 1 |  1.1
Maces & Flails | 1 |  1.1
Polearms       | 1 |  1.1
Staves         | 1 |  1.1
Slings         | 1 |  1.1
Bows           | 1 |  1.1
Crossbows      | 1 |  1.1
Throwing       | 1 |  1.1
Armour         | 1 |  1.1
Dodging        | 1 |  1.1
Stealth        | 1 |  1.1
Shields        | 1 |  1.1
Unarmed Combat | 1 |  1.1
Invocations    | 1 |  1.2
Evocations     | 1 |  1.1
Spellcasting   | 3 |  3.0
Fighting       | |  6.6
Long Blades    | |  6.6
Conjurations   | |  0.9
Hexes          | |  0.9
Summonings     | |  0.9
Necromancy     | |  0.9
Translocations | |  0.9
Transmutations | |  0.9
Fire Magic     | |  5.4
Ice Magic      | |  0.9
Air Magic      | |  0.9
Earth Magic    | |  0.9
Poison Magic   | |  0.9

Action                   |  1- 3 |  4- 6 || total
-------------------------+-------+-------++-------
Melee: Falchion          |    90 |    19 ||   109
       Bite              |     9 |     4 ||    13
       Punch             |     2 |     1 ||     3
Invok: Fiery Armour      |     1 |       ||     1
Armor: Robe              |     7 |       ||     7
       Leather armour    |     7 |     7 ||    14
Dodge: Dodged            |    44 |     9 ||    53
